 Dungeon Crawl Stone Soup version 0.28-a0-206-gc2c9e32840 (webtiles) character file.

Game seed: 10311373382373908007

63 tilp the Magician (level 3, -5/14 HPs)
             Began as a Felid Hedge Wizard on Aug 20, 2021.
             Shot with a bolt by a kobold brigand (7 damage)
             ... on level 6 of the Dungeon.
             The game lasted 00:03:24 (2630 turns).

tilp the Magician (Felid Hedge Wizard)              Turns: 2630, Time: 00:03:25

Health: -5/14      AC:  1    Str:  6    XL:     3   Next: 87%
Magic:  8/17       EV: 17    Int: 16    God:
Gold:   133        SH:  0    Dex: 15    Spells: 3/8 levels left
                                        Lives:  0   Deaths: 0

rFire   . . .      SeeInvis +     - Unarmed
rCold   . . .      Faith    .   (shield unavailable)
rNeg    + . .      Spirit   .   (armour unavailable)
rPois   .          Reflect  .   (helmet unavailable)
rElec   .          Harm     .   (cloak unavailable)
rCorr   .          Rampage  .   (gloves unavailable)
Will    .....                   (boots unavailable)
Stlth   ++........              (no amulet)
HPRegen 0.04/turn               d - ring of magical power
MPRegen 0.15/turn               e - ring of positive energy

@: flying, very slightly contaminated, quick
A: very small, claws 1, fangs 3, see invisible, speed 1, shaggy fur 1, stealthy
paws, no weapons or thrown items, no armour, multi-lived
a: no special abilities


You were on level 6 of the Dungeon.
You visited 1 branch of the dungeon, and saw 4 of its levels.

You collected 133 gold pieces.

Inventory:

Jewellery
 d - a ring of magical power (left paw)
 e - a ring of positive energy (right paw)
Scrolls
 a - a scroll of blinking
Potions
 b - a potion of attraction
 c - 2 potions of flight


   Skills:
 - Level 2.6 Dodging
 - Level 2.6 Stealth
 + Level 1.4 Unarmed Combat
 - Level 3.0 Spellcasting
 * Level 3.0 Conjurations
 - Level 1.0 Summonings
 - Level 1.5 Translocations


You had 3 spell levels left.
You knew the following spells:

 Your Spells              Type           Power      Damage    Failure   Level
a - Magic Dart            Conj           48%        1d5       5%          1
b - Call Imp              Summ           5%         N/A       19%         2
c - Blink                 Tloc           N/A        N/A       16%         2

Your spell library contained the following spells:

 Spells                   Type           Power      Damage    Failure   Level
 Slow                     Hex            2%         N/A       28%         2
 Conjure Flame            Conj/Fire      7%         6-21      30%         3
 Mephitic Cloud           Conj/Pois/Air  5%         N/A       36%         3


Dungeon Overview and Level Annotations

Branches:
Dungeon (3/15)

Altars:


Innate Abilities, Weirdness & Mutations

You have sharp claws.
You have razor-sharp teeth.
You have supernaturally acute eyesight. (SInv)
You cover ground quickly. (Speed+)
You are covered in fur. (AC +1)
Your paws help you pounce on unaware monsters.
You are incapable of wielding weapons or throwing items.
You cannot wear armour.
You gain extra lives every three experience levels.


Message History

The kobold brigand shouts!
Unknown command.
You see here a +0 long sword.
You start resting.
Your magical contamination has completely faded away.
You start resting.
A kobold brigand is nearby!
Casting: Magic Dart (safe; 5% risk of failure)
Confirm with . or Enter, or press ? or * to list all spells.
A beastly little devil appears in a puff of flame.
The kobold brigand unwields a +0 dagger.
The kobold brigand wields a +0 hand crossbow.
The kobold brigand shoots a bolt.
The bolt hits your crimson imp!
Casting: Call Imp (safe; 19% risk of failure)
Confirm with . or Enter, or press ? or * to list all spells.
A beastly little devil appears in a puff of frigid air.
The kobold brigand shoots a bolt.
The bolt hits your crimson imp!
Your crimson imp dies!
Casting: Call Imp (safe; 19% risk of failure)
Confirm with . or Enter, or press ? or * to list all spells.
You miscast Call Imp.
You are very lightly contaminated with residual magic.
Nothing appears to happen.
The kobold brigand shoots a bolt.
The bolt closely misses you.
Your white imp gestures at the kobold brigand.
The puff of frost hits the kobold brigand.
Casting: Call Imp (safe; 19% risk of failure)
Confirm with . or Enter, or press ? or * to list all spells.
You miscast Call Imp.
Nothing appears to happen.
The kobold brigand shoots a bolt.
The bolt hits you!
Ouch! That really hurt!
* * * LOW HITPOINT WARNING * * *
Your white imp gestures at the kobold brigand.
The puff of frost hits the kobold brigand.
Unknown command.
It was a potion of flight.
You feel very buoyant.
You fly up into the air.
The kobold brigand shoots a bolt.
The bolt hits you!
Ouch! That really hurt!
You die...

###.##
#.... #...
#..########
#..K.....K.
#..#.#####.
#.)#.#
#5.#.#
#.@#.#
#..#.#
#..###
#..###
#....+
##...#
#...# #####


You could see a kobold brigand (ally target) and a friendly white imp
(summoned).

Vanquished Creatures
  2 worms (D:2)
  2 dart slugs
  An endoplasm (D:1)
  4 giant cockroaches
  5 goblins
  9 hobgoblins
  A quokka (D:1)
  3 ball pythons (D:1)
  5 bats
  7 frilled lizards
  5 kobolds
  5 rats
49 creatures vanquished.

Vanquished Creatures (others)
  A fungus (D:2)
  2 plants (D:2)
3 creatures vanquished.

Grand Total: 52 creatures vanquished

Notes
Turn   | Place    | Note
-------+----------+-------------------------------------------
     0 | D:1      | tilp the Felid Hedge Wizard began the quest for the Orb.
     0 | D:1      | Reached XP level 1. HP: 7/7 MP: 5/5
    28 | D:1      | Reached skill level 1 in Conjurations
   431 | D:1      | Reached XP level 2. HP: 11/11 MP: 1/7
   434 | D:1      | Learned a level 2 spell: Call Imp
   437 | D:1      | Learned a level 2 spell: Blink
  1351 | D:1      | Reached XP level 3. HP: 14/14 MP: 8/8
  1614 | D:2      | Reached skill level 1 in Unarmed Combat
  2022 | D:2      | Found a faded altar of an unknown god.
  2597 | D:3      | You fall into a shaft and drop 3 floors!
  2617 | D:6      | Noticed a kobold brigand
  2630 | D:6      | Shot with a bolt by a kobold brigand

Illustrated notes

Levels and vault maps discovered:
D:1:      saegor_arrival_simple_b, layout_basic, patterned_corridor
D:2:      layout_rooms, dreamdust_ecumenical_altar_grove
D:3:      layout_basic, okawaru_altar_gauntlet_db, corexii_shack, uniq_jessica
D:6:      layout_loops_ring, fountainhead, small_statue_alley_b,
          corexii_item_surrounded_by_moat, kennysheep_generic_room_10

Skill      XL: |  1  2  3 |
---------------+----------+-----
Conjurations   | 1 2 3 |  3.0
Unarmed Combat | 1 |  1.4
Dodging        | |  2.6
Stealth        | |  2.6
Spellcasting   | |  3.0
Summonings     | |  1.0
Translocations | |  1.5

Action                   || total
-------------------------++-------
Melee: Unarmed           ||    11
       Bite              ||     1
 Cast: Magic Dart        ||   134
       Call Imp          ||     4
  Use: Scroll            ||     4
       Potion            ||     1
Armor: Skin              ||     1
Dodge: Dodged            ||    29

Table legend: (Time is in decaauts)
 A = Elapsed time spent in this place.
 B = Non-inter-level travel time spent in this place.
 C = Inter-level travel time spent in this place.
 D = Time resting spent in this place.
 E = Time spent auto-exploring this place.
 F = Levels seen in this place.
 G = Mean time per level.
                   A        B        C        D        E       F      G
               +--------+--------+--------+--------+--------+-----+--------+
         Total |   2406 |   2350 |     56 |    327 |   1761 |   4 |  601.5 |
       Dungeon |   2406 |   2350 |     56 |    327 |   1761 |   4 |  601.5 |
               +--------+--------+--------+--------+--------+-----+--------+

Top non-repeatable levels by time:
     D:1: 1478 daAuts
     D:2: 699 daAuts
     D:3: 200 daAuts
     D:6: 28 daAuts
